 Dungeon Crawl Stone Soup version 0.26.1-2-gb8aa6d0 (webtiles) character file.

Game seed: 13100476026846094560

22533 Craigus the Severer (level 13, -3/116 HPs)
             Began as a Hill Orc Fighter on May 19, 2021.
             Was a High Priest of Beogh.
             Slain by a six-headed hydra (6 damage)
             ... on level 2 of the Lair of Beasts.
             The game lasted 02:06:59 (13345 turns).

Craigus the Severer (Hill Orc Fighter)             Turns: 13345, Time: 02:07:02

Health: -3/116     AC: 19    Str: 22    XL:     13   Next: 0%
Magic:  13/13      EV:  8    Int:  8    God:    Beogh [*****.]
Gold:   584        SH: 12    Dex: 12    Spells: 12/12 levels left

rFire    . . .     SeeInvis .   G - +3 flail
rCold    . . .     Faith    .   c - +0 kite shield
rNeg     . . .     Spirit   .   P - +0 chain mail
rPois    .         Reflect  .   (no helmet)
rElec    .         Harm     .   D - +0 cloak
rCorr    .         Rampage  .   x - +1 pair of gloves
Will     .....                  h - +2 pair of boots
Stlth    ..........             i - amulet of regeneration
HPRegen  0.69/turn              (no ring)
MPRegen  0.13/turn              (no ring)

@: no status effects
A: walk on water
a: Renounce Religion, Smiting, Recall Orcish Followers, Give Item to Named
Follower


You were on level 2 of the Lair of Beasts.
You worshipped Beogh.
Beogh was extremely pleased with you.
You visited 3 branches of the dungeon, and saw 12 of its levels.
You also visited: Bailey.

You collected 694 gold pieces.
You spent 110 gold pieces at shops.

Inventory:

Hand Weapons
 a - a +1 war axe
 b - a +0 morningstar
 k - a +1 dagger of draining
 l - a +3 vorpal falchion
 m - a +3 hand axe
 n - a +1 hand axe of distortion
 s - a +4 short sword
 B - a +2 dagger of venom
 G - a +3 flail (weapon)
 I - a +1 halberd of flaming
 X - the +5 spear of Egomania {venom, Str-4 Int+7, unknown}
   (You found it on level 7 of the Dungeon)

   It poisons the flesh of those it strikes.
   It affects your strength (-4).
   It affects your intelligence (+7).
Missiles
 A - 14 javelins (quivered)
 T - 7 atropa-tipped darts
 Z - a throwing net
Armour
 c - a +0 kite shield (worn)
 h - a +2 pair of boots (worn)
 p - a cursed +0 scale mail
 t - a +0 plate armour
 u - a +0 chain mail of positive energy
 v - a +2 robe of cold resistance
 x - a +1 pair of gloves (worn)
 y - a +0 leather armour of cold resistance
 D - a +0 cloak (worn)
 J - +0 acid dragon scales
 P - a +0 chain mail (worn)
 Q - a +0 chain mail
 Y - a +0 leather armour
Jewellery
 i - an amulet of regeneration (around neck)
 w - an uncursed amulet of guardian spirit
 O - an uncursed ring of flight
Wands
 z - a wand of disintegration (29)
 S - a wand of random effects (23)
 V - a wand of enslavement (12)
 W - a wand of paralysis (17)
Scrolls
 j - 3 scrolls of immolation {unknown}
 E - 4 scrolls of remove curse
 H - 7 scrolls of identify
 K - a scroll of enchant armour {unknown}
 L - a scroll of torment {unknown}
 M - 5 scrolls of teleportation
 N - a scroll of enchant weapon
 U - 4 scrolls of magic mapping
Potions
 d - 3 potions of might
 e - 3 potions of flight
 f - 2 potions of invisibility
 g - a potion of lignification
 o - a potion of ambrosia {unknown}
 q - 2 potions of curing
 r - a potion of resistance {unknown}
 C - 2 potions of mutation {unknown}
 F - 2 potions of berserk rage {unknown}
Miscellaneous
 R - a tin of tremorstones (2/2)


   Skills:
 + Level 11.5 Fighting
 - Level 16.0 Axes
 + Level 11.0 Armour
 - Level 0.6 Dodging
 - Level 0.2 Stealth
 + Level 11.7 Shields
 + Level 0.7 Invocations
 + Level 1.2 Evocations


You had 12 spell levels left.
You didn't know any spells.
Your spell library contained the following spells:

 Spells                   Type           Power        Failure   Level
 Animate Skeleton         Necr           0%           98%         1
 Apportation              Tloc           0%           98%         1
 Corona                   Hex            0%           98%         1
 Pain                     Necr           0%           98%         1
 Summon Small Mammal      Summ           0%           98%         1
 Ensorcelled Hibernation  Hex/Ice        0%           99%         2
 Poisonous Vapours        Pois/Air       0%           99%         2
 Confusing Touch          Hex            0%           100%        3
 Conjure Flame            Conj/Fire      0%           100%        3
 Dazzling Flash           Conj/Hex       0%           100%        3
 Mephitic Cloud           Conj/Pois/Air  0%           100%        3
 Tukima's Dance           Hex            0%           100%        3
 Vampiric Draining        Necr           0%           100%        3
 Animate Dead             Necr           0%           100%        4
 Agony                    Necr           0%           100%        5
 Freezing Cloud           Conj/Ice/Air   0%           100%        6


Dungeon Overview and Level Annotations

Branches:
Dungeon (9/15)             Temple (1/1) D:4            Lair (2/6) D:9
  Swamp (0/4) Lair:2        Snake (0/4) Lair:2       Bailey (visited)
    Orc: D:9-12

Altars:
Ashenzari
Cheibriados
Dithmenos
Elyvilon
Fedhas
Gozag
Hepliaklqana
Kikubaaqudgha
Makhleb
Nemelex Xobeh
Okawaru
Qazlal
Ru
Sif Muna
Trog
Uskayaw
Vehumet
Wu Jian
Xom
Yredelemnul
Zin
The Shining One

Shops:
D:7 }

Annotations:
D:7 exclusion: oklob plant


Message History

Press: ? - help, Shift-Dir - straight line, f/p - lindwurm
Aim: a lindwurm (moderately wounded, catching its breath, chance to affect: 53%)
The lindwurm resists with significant effort.
Your orc hits the six-headed hydra with a +0 mace.
The lindwurm barely misses you. You block the lindwurm's attack.
The lindwurm claws you.
* * * LOW HITPOINT WARNING * * *
You block the six-headed hydra's attack.
The six-headed hydra misses you.
You block the six-headed hydra's attack.
The six-headed hydra bites you but does no damage.
The six-headed hydra barely misses you.
You block the six-headed hydra's attack.
You open the large door. The lindwurm barely misses you.
You block the lindwurm's attack.
The lindwurm claws you but does no damage.
The six-headed hydra bites you!
* * * LOW HITPOINT WARNING * * *
The six-headed hydra bites you.
You die...

#......#...o≈#≈≈♣.....≈# #...
##.....'...≈≈#≈≈.......# #...
#.....'...≈≈#≈≈..⌠♣...♣ #...
#.....'..)≈≈♣≈≈.......♣ #...
#.....#[[..≈#≈≈.......# #...
#.....#8..).#≈........# #...
#.....##.<..#.........# ♣...
#......#######''##....# ♣...
#......#.?♣ #♣@.......#..♣ ♣...
#......#(..♣#.Dk.........♣ #...
##......#....#)o...♣♣...... #...
#.......#....)(...♣♣ ♣.#.♣♣ #...
##......###########♣♣########[..
#.).......................|...P
#..............................
#...(......#####...............
#.........## ##............#..


You could see a six-headed hydra, a lindwurm (catching breath) and a friendly
orc.

Vanquished Creatures
  2 hydras
  A boulder beetle (Lair:1)
  A two-headed ogre (D:9)
  Urug (Lair:2)
  A bog body (Lair:2)
  7 elephants
  3 black mambas
  Joseph (D:8)
  5 cane toads
  A rime drake (Lair:2)
  A komodo dragon (Lair:2)
  3 hornets
  Prince Ribbit (Lair:1)
  14 blink frogs
  6 yaks
  Eustachio (D:6)
  2 basilisks
  9 water moccasins
  Duvessa (D:6)
  A sky beast (D:7)
  2 ice beasts
  2 orc warriors
  3 black bears
  A necrophage (D:5)
  3 phantoms
  6 ogres
  3 centaurs
  3 wolves (Lair:2)
  A big kobold (D:8)
  8 bullfrogs
  Dowan (D:6)
  2 scorpions (D:9)
  9 killer bees
  8 wights (D:9)
  4 howler monkeys
  A gnoll shaman (D:9)
  4 hounds
  3 orc priests
  5 bullfrog skeletons
  A jelly (D:8)
  An iguana (D:3)
  15 orc wizards
  6 worker ants
  2 hound zombies
  2 hound skeletons
  A worker ant zombie (D:6)
  9 adders
  19 gnolls
  A howler monkey skeleton (D:5)
  2 white imps
  2 ufetubi
  2 adder zombies
  An adder skeleton (D:5)
  5 worms
  The ghost of Peacahk the Sneak, a weakling HuDe (D:5)
  2 dart slugs
  4 leopard geckos
  30 orcs
  6 giant cockroaches
  13 hobgoblins
  14 jackals
  4 quokkas
  8 ball pythons
  7 bats
  4 frilled lizards
  4 goblins
  18 kobolds
  A leopard gecko skeleton (D:8)
  A quokka zombie (D:9)
  7 rats
324 creatures vanquished.

Vanquished Creatures (collateral kills)
  A hydra (Lair:1)
  A cane toad (Lair:2)
  Maggie (Lair:1)
  A komodo dragon (Lair:1)
  4 blink frogs
  7 yaks (D:9)
  2 black bears (Lair:2)
  An ogre (D:9)
  A wolf (Lair:2)
  A bullfrog (Lair:2)
  A scorpion (Lair:1)
  3 killer bees (D:9)
  2 wights (D:9)
  An orc wizard (Lair:2)
  A gnoll (D:9)
  An orc (Lair:2)
29 creatures vanquished.

Vanquished Creatures (others)
  An orc knight (Lair:1)
  3 orc priests (Lair:2)
  2 orc wizards (Lair:2)
  6 orcs
  11 fungi
  65 plants
  3 toadstools (D:7)
91 creatures vanquished.

Grand Total: 444 creatures vanquished

Notes
Turn   | Place    | Note
-------+----------+-------------------------------------------
     0 | D:1      | Craigus the Hill Orc Fighter began the quest for the Orb.
     0 | D:1      | Reached XP level 1. HP: 19/19 MP: 1/1
   115 | D:1      | Reached XP level 2. HP: 27/27 MP: 2/2
   208 | D:1      | Reached skill level 3 in Axes
   861 | D:1      | Reached XP level 3. HP: 27/33 MP: 3/3
  1344 | D:2      | Reached skill level 4 in Axes
  1344 | D:2      | Reached XP level 4. HP: 33/40 MP: 4/4
  2445 | D:3      | Noticed a centaur
  2464 | D:3      | Killed a centaur
  2465 | D:3      | Reached skill level 5 in Axes
  2465 | D:3      | Reached XP level 5. HP: 39/46 MP: 5/5
  2997 | D:3      | Reached XP level 6. HP: 53/53 MP: 6/6
  3063 | D:4      | Became a worshipper of Beogh the Brigand
  3168 | D:4      | Found a snail-covered altar of Cheibriados.
  3175 | D:4      | Found an iron altar of Okawaru.
  3182 | D:4      | Found an opulent altar of Gozag.
  3189 | D:4      | Found a glowing golden altar of the Shining One.
  3196 | D:4      | Found a hazy altar of Hepliaklqana.
  3204 | D:4      | Found a glowing silver altar of Zin.
  3209 | D:4      | Found a hide-covered altar of Uskayaw.
  3274 | D:4      | Found a staircase to the Ecumenical Temple.
  3420 | D:3      | Reached skill level 6 in Axes
  3532 | D:4      | Reached skill level 5 in Armour
  3532 | D:4      | Reached XP level 7. HP: 51/60 MP: 7/7
  3549 | Temple   | Entered the Ecumenical Temple
  3840 | D:5      | Entered Level 5 of the Dungeon
  3859 | D:5      | Reached skill level 7 in Axes
  3998 | D:5      | Reached skill level 5 in Fighting
  4105 | D:5      | Reached skill level 8 in Axes
  4115 | D:5      | HP: 3/61 [acid (15)]
  4463 | D:5      | Reached * piety under Beogh
  4576 | D:4      | Reached XP level 8. HP: 63/68 MP: 8/8
  4673 | D:5      | Reached skill level 5 in Shields
  4880 | D:5      | Found a sacrificial altar of Ru.
  4894 | D:5      | Reached skill level 9 in Axes
  4924 | D:5      | Found a runed translucent gate.
  4924 | D:5      | Found a runed translucent gate.
  4924 | D:5      | Found a runed translucent gate.
  4926 | D:5      | Noticed Peacahk's ghost (weakling HuDe)
  5245 | D:5      | Killed Peacahk's ghost
  5418 | D:6      | Noticed Duvessa
  5418 | D:6      | Noticed Dowan
  5440 | D:6      | Killed Duvessa
  5446 | D:6      | Killed Dowan
  5594 | D:6      | Found a basalt altar of Yredelemnul.
  5629 | D:6      | Noticed Eustachio
  5685 | D:6      | Killed Eustachio
  5686 | D:6      | Reached skill level 10 in Axes
  5686 | D:6      | Reached XP level 9. HP: 78/78 MP: 9/9
  5985 | D:7      | Found Sagatsus's Gadget Shoppe.
  6220 | D:7      | Reached ** piety under Beogh
  6392 | D:7      | Bought a wand of paralysis (9) for 110 gold pieces
  6404 | D:7      | Found a flagged portal.
  6415 | Bailey   | Entered a bailey
  6586 | D:7      | Got a scorched spear
  6670 | D:7      | Found a blossoming altar of Fedhas.
  6682 | D:7      | Noticed an oklob plant
  7371 | D:8      | Noticed Joseph
  7392 | D:8      | Killed Joseph
  7393 | D:8      | Reached skill level 11 in Axes
  7684 | D:8      | Reached XP level 10. HP: 83/86 MP: 10/10
  7799 | D:8      | Reached skill level 12 in Axes
  8012 | D:8      | Found a shimmering blue altar of Sif Muna.
  8457 | D:9      | Reached *** piety under Beogh
  8658 | D:9      | Noticed a two-headed ogre
  8668 | D:9      | Killed a two-headed ogre
  8735 | D:9      | Reached skill level 13 in Axes
  8836 | D:9      | Noticed an elephant
  8852 | D:9      | Killed an elephant
  8867 | D:9      | Reached **** piety under Beogh
  8867 | D:9      | Gained Wardok as an ally
  8895 | D:9      | Found a staircase to the Lair.
  8919 | D:9      | Reached XP level 11. HP: 91/97 MP: 11/11
  9389 | Lair:1   | Entered Level 1 of the Lair of Beasts
  9429 | Lair:1   | Noticed Prince Ribbit
  9443 | Lair:1   | Reached skill level 14 in Axes
  9449 | Lair:1   | Killed Prince Ribbit
  9773 | Lair:1   | Reached ***** piety under Beogh
  9823 | Lair:1   | Noticed Maggie
  9837 | Lair:1   | Killed Maggie
  9973 | Lair:1   | Noticed a six-headed hydra
  9979 | Lair:1   | Killed a six-headed hydra
  9980 | Lair:1   | Reached skill level 10 in Fighting
 10077 | Lair:1   | You fall into a shaft and drop 1 floor!
 10152 | Lair:1   | Your ally Wardok died
 10263 | Lair:1   | Noticed an eight-headed hydra
 10272 | Lair:1   | Killed an eight-headed hydra
 10322 | Lair:1   | Reached skill level 15 in Axes
 10540 | Lair:1   | Reached skill level 10 in Shields
 10863 | Lair:1   | Reached XP level 12. HP: 106/107 MP: 12/12
 10936 | Lair:1   | Noticed a boulder beetle
 11111 | Lair:1   | Killed a boulder beetle
 11508 | Lair:2   | Paralysed by a hornet for 1 turns
 11601 | Lair:2   | Reached skill level 1 in Evocations
 11753 | Lair:1   | Reached skill level 10 in Armour
 12169 | Lair:2   | Found a staircase to the Snake Pit.
 12189 | Lair:2   | Noticed an eight-headed hydra
 12206 | Lair:2   | Killed an eight-headed hydra
 12330 | Lair:2   | Noticed Urug
 12352 | Lair:2   | Killed Urug
 12628 | Lair:2   | Found a staircase to the Swamp.
 13090 | Lair:2   | Reached skill level 16 in Axes
 13270 | Lair:2   | Reached XP level 13. HP: 112/116 MP: 13/13
 13345 | Lair:2   | HP: 3/116 [six-headed hydra (7)]
 13345 | Lair:2   | Slain by a six-headed hydra

Illustrated notes

Levels and vault maps discovered:
D:1:      minmay_arrival_radiant_lines, layout_basic
D:2:      layout_basic
D:3:      layout_basic
D:4:      layout_cave_pools, grunt_temple_overflow_octagram,
          minmay_temple_entry_butterflies
D:5:      layout_loops_ring, nicolae_ru_great_annihilating_truth,
          gammafunk_ghost_necromancy, kennysheep_generic_room_15
D:6:      layout_rooms, chequers_serial_rivers_small_3,
          yredelemnul_altar_generic, uniq_duvessa, uniq_eustachio
D:7:      layout_cave_pools, serial_shops, shop_statue, serial_park,
          serial_park_tiny_2, enter_bailey_2, nicolae_zen_rock_garden,
          tgw_fedhas
D:8:      layout_loops_ring, lemuel_blue_sif_altar, uniq_joseph
D:9:      layout_roguey, david_lair_generic, serial_bayou_ford_a
Temple:   nicolae_temple_great_sept
Lair:1:   layout_layer_cave, nzn_sisyphean_effort, grunt_megastairs_5,
          lemuel_fruit_tree, uniq_maggie, uniq_prince_ribbit2
Lair:2:   cheibrodos_lair_overgrown_chateau, layout_chaotic_city,
          skrybe_swamp_entry_bodies, dummy_snake_entry,
          cheibrodos_lair_reptile_den, lemuel_fruit_fields, uniq_urug

Skill      XL: |  1  2  3  4  5  6  7  8  9 10 11 12 |
---------------+-------------------------------------+-----
Fighting       | 4 5 6 7 9 10 11 | 11.5
Axes           | 3 4 5 6 8 10 11 13 15 16 | 16.0
Shields        | 4 5 7 8 10 11 | 11.7
Armour         | 4 5 6 7 8 9 11 | 11.0
Evocations     | 1 |  1.2
Dodging        | |  0.6
Stealth        | |  0.2
Invocations    | |  0.7

Action                   |  1- 3 |  4- 6 |  7- 9 | 10-12 | 13-15 || total
-------------------------+-------+-------+-------+-------+-------++-------
Melee: War axe           |    91 |   218 |   560 |   652 |       ||  1521
       Flail             |       |       |       |    23 |     5 ||    28
       Dagger            |       |       |       |     8 |       ||     8
Throw: Javelin           |       |       |    21 |    12 |       ||    33
Invok: Convert to Beogh  |       |     1 |       |       |       ||     1
       Recall Orcish Fol |       |       |       |     2 |       ||     2
Evoke: Wand              |       |       |     2 |     8 |     3 ||    13
  Use: Scroll            |       |     7 |     5 |     6 |       ||    18
       Potion            |       |     5 |     3 |     1 |       ||     9
 Stab: Paralysed         |       |       |     2 |       |       ||     2
       Distracted        |       |       |       |     2 |       ||     2
Armor: Scale mail        |    42 |    29 |       |       |       ||    71
       Chain mail        |       |    95 |   226 |   352 |    19 ||   692
Dodge: Dodged            |    32 |    63 |   115 |   186 |    10 ||   406
Block: Kite shield       |    39 |    89 |   268 |   414 |    19 ||   829
       Buckler           |       |    12 |       |       |       ||    12
